 Dungeon Crawl Stone Soup version 0.30-a0-1116-gebefce21f7 (webtiles) character file.

Game seed: 653381765655700989

2183 Arzdou the Geomancer (level 9, -8/52 HPs)
             Began as a Gargoyle Earth Elementalist on Apr 21, 2023.
             Was an Initiate of Vehumet.
             Killed from afar by a steam dragon (12 damage)
             ... with a ball of steam
             ... on level 6 of the Dungeon.
             The game lasted 00:12:52 (6011 turns).

Arzdou the Geomancer (Gargoyle Earth Elementalist)  Turns: 6011, Time: 00:12:52

Health: -8/52      AC:  9    Str: 13    XL:     9   Next: 33%
Magic:  3/17       EV: 11    Int: 19    God:    Vehumet [......]
Gold:   242        SH:  4    Dex: 10    Spells: 15/19 levels left

rFire   . . .      SeeInvis .    e - +2 dagger (venom)
rCold   . . .      Faith    .    q - +0 buckler
rNeg    + . .      Spirit   .    a - +0 robe
rPois   ∞          Reflect  .    (no helmet)
rElec   +          Rampage  .    (no cloak)
rCorr   .                        t - +0 pair of gloves
Will    .....                    (no boots)
Stlth   ++                       (no amulet)
HPRegen 0.28/turn                (no ring)
MPRegen 0.15/turn                (no ring)

@: no status effects
A: sickness immunity, AC +6, negative energy resistance 1, electricity
resistance, torment resistance 1, petrification resistance
a: Renounce Religion


You were on level 6 of the Dungeon.
You worshipped Vehumet.
Vehumet was noncommittal.
You visited 2 branches of the dungeon, and saw 7 of its levels.

You collected 242 gold pieces.

Inventory:

Hand Weapons
 d - a +0 sling
 e - a +2 dagger of venom (weapon)
Missiles
 x - a throwing net
Armour
 a - a +0 robe (worn)
 q - a +0 buckler (worn)
 t - a +0 pair of gloves (worn)
Jewellery
 l - an amulet of faith
Wands
 v - a wand of flame (27)
Scrolls
 g - 3 scrolls of teleportation
 h - a scroll of fog {unknown}
 i - a scroll of enchant armour {unknown}
 m - a scroll of poison {unknown}
 n - a scroll of vulnerability {unknown}
 o - 2 scrolls of identify
 r - a scroll of fear {unknown}
 s - 2 scrolls of amnesia {unknown}
 w - a scroll of enchant weapon {unknown}
Potions
 b - a potion of magic
 c - a potion of brilliance
 f - 2 potions of heal wounds
 j - a potion of curing
 k - a potion of attraction
 p - a potion of mutation {unknown}
 u - a potion of flight {unknown}


   Skills:
 * Level 4.7 Fighting
 - Level 0.2 Ranged Weapons
 + Level 2.1 Dodging
 + Level 3.0 Stealth
 * Level 2.4 Shields
 + Level 5.5 Spellcasting
 * Level 4.1 Conjurations
 - Level 0.7 Transmutations
 * Level 10.2 Earth Magic


You had 15 spell levels left.
You knew the following spells:

 Your Spells              Type           Power      Damage    Failure   Level
a - Sandblast             Erth           88%        2d18      1%          1
b - Stone Arrow           Conj/Erth      64%        3d11      2%          3

Your spell library contained the following spells:

 Spells                   Type           Power      Damage    Failure   Level
 Passwall                 Tmut/Erth      21%        N/A       2%          2
 Petrify                  Tmut/Erth      26%        N/A       16%         4
 Dispel Undead            Necr           5%         3d7       83%         4
 Death Channel            Necr           2%         N/A       100%        6
 Cigotuvi's Dreadful Rot  Necr/Pois/Air  Unusable   N/A       N/A         2

Dungeon Overview and Level Annotations

Branches:
Dungeon (6/15)             Temple (1/1) D:5

Altars:
Ashenzari
Fedhas
Gozag
Hepliaklqana
Kikubaaqudgha
Nemelex Xobeh
Ru
Sif Muna
Trog
Vehumet
Xom
Zin
The Shining One

Annotations:
D:4 1 runed translucent door, Crazy Yiuf


Innate Abilities, Weirdness & Mutations

You are immune to sickness and miasma.
Your stone body is resilient. (AC +6)
You are immune to poison.
You resist negative energy. (rN+)
You are resistant to electric shocks. (rElec)
You are resistant to unholy torment.
You are immune to petrification.


Message History

Eustachio is almost dead.
Eustachio zaps a wand.
The roots erupt in riotous growth!
The grasping roots grab you!
Eustachio is unaffected.
The grasping roots constrict you.
You hear a shout!
Unknown command.
The blast of sand misses Eustachio.
Eustachio barely misses you. The grasping roots constrict you.
Eustachio barely misses you. The grasping roots constrict you.
The steam dragon breathes steam at you. The ball of steam hits you!
Unknown command.
Casting: Sandblast (safe; 1% risk of failure)
Confirm with . or Enter, or press ? or * to list all spells.
Aiming: Stone Arrow (dangerous; 2% risk of failure)
Press: ? - help, Shift-Dir - straight line, f/p - Eustachio
Aim: Eustachio, wielding a +0 falchion, wearing a +0 leather armour and carrying a wand of roots (11) (almost dead, 64% to hit)
The stone arrow misses Eustachio.
You are engulfed in a cloud of scalding steam.
Eustachio hits you with a +0 falchion. The grasping roots constrict you.
The grasping roots release their grip on you.
The blast of sand hits Eustachio!
You kill Eustachio!
Vehumet accepts your kill.
You are engulfed in a cloud of scalding steam.
Casting: Sandblast (safe; 1% risk of failure)
Confirm with . or Enter, or press ? or * to list all spells.
You don't have enough magic to cast this spell.
Things that are here:
a +5 war axe; a +0 robe The steam dragon breathes steam at you.
The ball of steam hits you!
You are engulfed in a cloud of scalding steam.
* * * LOW HITPOINT WARNING * * *
The steam dragon breathes steam at you. The ball of steam hits you!
* * * LOW HITPOINT WARNING * * *
The steam dragon breathes steam at you. The ball of steam hits you!
You die...

..# #.# ..#
########.# ..#
#........# #.#
..#######........#
#.#
..............(.># #
#.#
..##############.#
#.#.# ..##.....# #.#
.#.# ..##.....# #)#.#
..#
..##.....#######@#.#
#)#
..##.....#.....#§#.#
#<#
..##.....#.###.§.#.#
###
####.....#.........##
#...).###....)...####
#...)...)§...........
#.....###D#§.....####
#.....#..........#
#####.#..§.§.....#


There were no monsters in sight!

Vanquished Creatures
  Grinder (D:3)
  A shadow (D:5)
  Eustachio (D:6)
  Menkaure (D:5)
  A black bear (D:4)
  A sky beast (D:6)
  An ice beast (D:5)
  2 ogres
  A gnoll sergeant (D:5)
  2 scorpions (D:4)
  4 wights (D:6)
  4 hounds
  A jelly (D:5)
  A gnoll bouda (D:6)
  Jessica (D:3)
  2 iguanas
  A sleepcap (D:6)
  Natasha (thrice) (D:4)
  3 orc wizards
  12 gnolls
  10 adders
  2 ufetubi
  4 worms
  2 dart slugs
  16 orcs
  6 ball pythons
  4 endoplasms
  5 giant cockroaches
  5 goblins
  5 hobgoblins
  4 jackals (D:4)
  2 quokkas
  5 bats (D:3)
  A frilled lizard (D:1)
  3 kobolds
  9 rats
127 creatures vanquished.

Notes
Turn   | Place    | Note
-------+----------+-------------------------------------------
     0 | D:1      | Arzdou the Gargoyle Earth Elementalist began the quest for
                  | the Orb.
     0 | D:1      | Reached XP level 1. HP: 10/10 MP: 3/3
   198 | D:1      | Reached skill level 4 in Earth Magic
   253 | D:1      | Reached XP level 2. HP: 15/15 MP: 3/5
   927 | D:1      | Noticed a great orb of eyes
   935 | D:1      | Noticed an eye of devastation
   936 | D:1      | Found a faded altar of an unknown god.
   940 | D:1      | Noticed a great orb of eyes
   940 | D:1      | Noticed an eye of devastation
  1284 | D:2      | Reached XP level 3. HP: 19/19 MP: 3/6
  1288 | D:2      | Learned a level 3 spell: Stone Arrow
  1948 | D:2      | Reached XP level 4. HP: 20/24 MP: 3/8
  1999 | D:2      | Reached skill level 5 in Earth Magic
  2066 | D:3      | Identified the scarf "Gohaf" {harm, rPois Dex-2 SInv}
  2183 | D:3      | Reached XP level 5. HP: 28/28 MP: 5/9
  2244 | D:3      | Reached skill level 1 in Fighting
  2353 | D:3      | Noticed Grinder
  2385 | D:3      | Noticed Jessica
  2387 | D:3      | Paralysed by Grinder for 2 turns
  2392 | D:3      | Killed Grinder
  2393 | D:3      | Reached skill level 1 in Conjurations
  2393 | D:3      | Reached skill level 6 in Earth Magic
  2393 | D:3      | Reached XP level 6. HP: 32/35 MP: 5/11
  2394 | D:3      | Killed Jessica
  2937 | D:4      | Noticed a black bear
  3019 | D:4      | Reached skill level 7 in Earth Magic
  3019 | D:4      | Reached XP level 7. HP: 40/40 MP: 7/12
  3271 | D:4      | Noticed Natasha
  3275 | D:4      | Killed Natasha
  3328 | D:4      | Noticed Natasha
  3330 | D:4      | Killed Natasha
  3370 | D:4      | Noticed Natasha
  3379 | D:4      | Killed Natasha
  3559 | D:4      | Reached skill level 8 in Earth Magic
  3559 | D:4      | Reached XP level 8. HP: 43/46 MP: 10/14
  3689 | D:4      | Found a runed translucent door.
  3690 | D:4      | Noticed Crazy Yiuf
  3736 | D:5      | Entered Level 5 of the Dungeon
  3837 | D:5      | Noticed Menkaure
  3848 | D:5      | Killed Menkaure
  3849 | D:5      | Reached skill level 1 in Shields
  4255 | D:5      | Noticed a moth of wrath
  4258 | D:5      | Found a bloodstained altar of Trog.
  4459 | D:5      | Noticed a shadow
  4467 | D:5      | Killed a shadow
  4698 | D:5      | Reached skill level 9 in Earth Magic
  4786 | D:5      | Identified the +3 long sword of Superiority {drain, rF+
                  | Int+3}
  4799 | D:5      | Found a staircase to the Ecumenical Temple.
  4856 | Temple   | Entered the Ecumenical Temple
  4865 | Temple   | Became a worshipper of Vehumet
  4939 | D:5      | Reached skill level 5 in Spellcasting
  5031 | D:5      | Found an opulent altar of Gozag.
  5474 | D:6      | Reached XP level 9. HP: 47/52 MP: 1/16
  5982 | D:6      | Noticed Eustachio
  5986 | D:6      | Reached skill level 10 in Earth Magic
  5991 | D:6      | Killed Eustachio
  6011 | D:6      | Killed from afar by a steam dragon

Illustrated notes

Levels and vault maps discovered:
D:1:      ncdulo_halloftheorcs, layout_basic,
          hellmonk_ecumenical_altar_watching_god
D:2:      layout_basic
D:3:      layout_basic, uniq_jessica, uniq_grinder
D:4:      layout_cave_pools, serial_glass, glass_columns_a, glass_columns_b,
          uniq_natasha, uniq_crazy_yiuf_cottage
D:5:      layout_loops_ring, tgw_trog, kennysheep_mini_moat,
          minmay_temple_entry_statues_fountains, grunt_ministairs_15,
          hangedman_abyss_or_decor_slice, uniq_menkaure
D:6:      layout_basic, okawaru_metal_pillars_3,
          mainiacjoe_overflow_divided_tiny, serial_shops, shop, minivault_1,
          uniq_duvessa, uniq_eustachio
Temple:   hellmonk_temple_two_chambers

Skill      XL: |  1  2  3  4  5  6  7  8  9 |
---------------+----------------------------+-----
Earth Magic    | 4 5 6 7 8 9 10 | 10.2
Fighting       | 1 2 3 4 |  4.7
Spellcasting   | 3 4 5 |  5.5
Conjurations   | 1 2 3 4 |  4.1
Dodging        | 2 |  2.1
Shields        | 1 2 |  2.4
Stealth        | 3 |  3.0
Ranged Weapons | |  0.2
Transmutations | |  0.7

Action                     |  1- 3 |  4- 6 |  7- 9 || total
---------------------------+-------+-------+-------++-------
  Melee: Unarmed           |     5 |       |       ||     5
         Dagger            |       |    11 |       ||    11
   Fire: Sling             |     7 |       |       ||     7
   Cast: Sandblast         |    50 |    51 |    89 ||   190
         Stone Arrow       |       |       |    44 ||    44
    Use: Scroll            |       |     5 |       ||     5
 Armour: Robe              |     8 |    20 |    19 ||    47
  Dodge: Dodged            |    24 |    24 |    25 ||    73
  Block: Buckler           |       |       |     3 ||     3

Table legend: (Time is in decaauts)
 A = Elapsed time spent in this place.
 B = Non-inter-level travel time spent in this place.
 C = Inter-level travel time spent in this place.
 D = Time resting spent in this place.
 E = Time spent auto-exploring this place.
 F = Levels seen in this place.
 G = Mean time per level.
                   A        B        C        D        E       F      G
               +--------+--------+--------+--------+--------+-----+--------+
         Total |   6114 |   5806 |    308 |    182 |   4668 |   7 |  873.4 |
       Dungeon |   6095 |   5795 |    300 |    182 |   4668 |   6 | 1015.8 |
        Temple |     18 |     10 |      8 |      0 |      0 |   1 |   18.0 |
               +--------+--------+--------+--------+--------+-----+--------+

Top non-repeatable levels by time:
     D:5: 1346 daAuts
     D:1: 1236 daAuts
     D:6: 916 daAuts
     D:3: 899 daAuts
     D:4: 869 daAuts
     D:2: 827 daAuts
  Temple: 18 daAuts
